 Dungeon Crawl Stone Soup version 0.30-a0-719-gcc4359ea44 (webtiles) character file.

Game seed: 14057893360970792434

315 Arximoufas the Cutter (level 6, -6/44 HPs)
             Began as a Demonspawn Warper on Jan 26, 2023.
             Mangled by a gnoll
             ... wielding a +0 spear
             ... led by a gnoll bouda
              (7 damage)
             ... on level 4 of the Dungeon.
             The game lasted 00:05:55 (2681 turns).

Arximoufas the Cutter (Demonspawn Warper)           Turns: 2681, Time: 00:05:56

Health: -6/44      AC:  6    Str: 13    XL:     6   Next: 19%
Magic:  9/9        EV: 11    Int: 14    God:
Gold:   182        SH:  0    Dex: 13    Spells: 9/9 levels left

rFire   . . .      SeeInvis .    a - +0 short sword
rCold   . . .      Faith    .    (no shield)
rNeg    . . .      Spirit   .    b - +0 leather armour
rPois   .          Reflect  .    i - +0 hat
rElec   .          Harm     .    (no cloak)
rCorr   .          Rampage  .    (no gloves)
Will    .....                    f - +0 pair of boots
Stlth   ++                       (no amulet)
HPRegen 0.27/turn                (no ring)
MPRegen 0.11/turn                (no ring)

@: weakened
A: horns 1, weakness stinger 1, demonic touch 1, iridescent scales 1, subdued
magic 1
a: no special abilities


You were on level 4 of the Dungeon.
You visited 1 branch of the dungeon, and saw 4 of its levels.

You collected 182 gold pieces.

Inventory:

Hand Weapons
 a - a +0 short sword (weapon)
Missiles
 d - 7 boomerangs of dispersal (quivered)
Armour
 b - a +0 leather armour (worn)
 f - a +0 pair of boots (worn)
 i - a +0 hat (worn)
 m - the +7 plate armour of a Labyrinth {Str+2}
   (You found it on level 2 of the Dungeon)

   Str:       It affects your strength (+2).
Magical Staves
 q - a staff of poison
 s - a staff of air
Jewellery
 o - an amulet of magic regeneration
Scrolls
 c - 2 scrolls of blinking
 e - a scroll of amnesia {unknown}
 g - 4 scrolls of fear {unknown}
 h - a scroll of poison {unknown}
 j - 3 scrolls of identify {unknown}
 k - a scroll of fog {unknown}
 l - 2 scrolls of teleportation {unknown}
 t - a scroll of vulnerability {unknown}
Potions
 r - a potion of berserk rage {unknown}
 u - a potion of heal wounds {unknown}


   Skills:
 - Level 2.0 Fighting
 * Level 5.0 Short Blades
 - Level 0.8 Throwing
 - Level 0.8 Armour
 - Level 1.7 Dodging
 + Level 3.3 Stealth
 - Level 2.0 Spellcasting
 - Level 2.6 Translocations


You had 9 spell levels left.
You didn't know any spells.
Your spell library contained the following spells:

 Spells                   Type           Power      Damage    Failure   Level
 Blink                    Tloc           12%        N/A       13%         2
 Lesser Beckoning         Tloc           12%        N/A       13%         2
 Sting                    Tmut/Pois      4%         1d3       26%         1
 Teleport Other           Tloc           6%         N/A       26%         3
 Poisonous Vapours        Pois/Air       2%         N/A       36%         2
 Vhi's Electric Charge    Tloc/Air       6%         N/A       41%         3
 Manifold Assault         Tloc           6%         N/A       65%         4
 Olgreb's Toxic Radiance  Pois           1%         N/A       95%         4


Dungeon Overview and Level Annotations

Branches:
Dungeon (4/15)
 Temple: D:4-7

Altars:


Innate Abilities, Weirdness & Mutations

You have a pair of small horns on your head.
You have a small tail.
Your touch may inflict minor irresistible damage on your foes.
You are partially covered in iridescent scales. (AC +2)
Your spells are a little easier to cast, but a little less powerful.


Message History

You are too injured to fight recklessly!
You are too injured to fight recklessly!
The gnoll misses you. The gnoll attacks as you move away! The gnoll misses you.
The gnoll closely misses you.
You hit the gnoll. Your touch misses the gnoll.
The gnoll is moderately wounded.
The gnoll hits you with a +0 whip. x2
You hit the gnoll but do no damage. You headbutt the gnoll.
The gnoll is heavily wounded.
The gnoll closely misses you.
You hit the gnoll but do no damage. Your headbutt misses the gnoll.
You touch the gnoll!
You kill the gnoll!
The gnoll misses you.
The gnoll hits you from afar with a +0 spear!
* * * LOW HITPOINT WARNING * * *
Your Short Blades skill increases to level 5!
The gnoll barely misses you.
You barely miss the gnoll.
You tail-slap the gnoll, but do no damage.
Your touch misses the gnoll. The gnoll hits you with a +0 whip.
* * * LOW HITPOINT WARNING * * *
You barely miss the gnoll. You headbutt the gnoll. Your touch misses the gnoll.
The gnoll is moderately wounded.
The gnoll hits you with a +0 whip.
* * * LOW HITPOINT WARNING * * *
You hit the gnoll but do no damage. Your headbutt misses the gnoll.
You touch the gnoll!
You kill the gnoll!
The gnoll bouda gazes fiercely through you!
You feel your attacks grow feeble.
It was a potion of curing.
You feel better.
The gnoll hits you from afar with a +0 spear.
* * * LOW HITPOINT WARNING * * *
It was a potion of mutation.
You feel extremely strange.
Your connection to magic feels subdued.
You feel clumsy.
You feel agile.
Iridescent scales grow over part of your body.
The gnoll hits you from afar with a +0 spear!
You die...

#........#
#........#
#........#
#........#
#........#####
#.....g.......
#####..)......
###########.........
#....@g)..).........
#......g............
#...................
#...................
#...................
###########.........
#########.........
#.......#.........
#.................


You could see a gnoll bouda and a gnoll (swift).

Vanquished Creatures
  A bullfrog (D:3)
  A hound (D:3)
  Natasha (thrice) (D:3)
  Robin (D:3)
  2 gnolls (D:4)
  3 adders
  A white imp (D:4)
  A worm (D:2)
  3 dart slugs
  6 ball pythons
  2 endoplasms
  5 giant cockroaches
  8 goblins
  7 hobgoblins
  2 jackals (D:1)
  5 quokkas (D:1)
  13 bats
  3 frilled lizards
  6 kobolds
  3 rats
76 creatures vanquished.

Notes
Turn   | Place    | Note
-------+----------+-------------------------------------------
     0 | D:1      | Arximoufas the Demonspawn Warper began the quest for the
                  | Orb.
     0 | D:1      | Reached XP level 1. HP: 16/16 MP: 3/3
    18 | D:1      | Reached skill level 2 in Short Blades
   158 | D:1      | Discovered your monstrous ancestry.
   158 | D:1      | Gained mutation: Your touch may inflict minor irresistible
                  | damage on your foes. [demonic ancestry]
   158 | D:1      | Reached XP level 2. HP: 22/22 MP: 5/5
   268 | D:1      | Reached skill level 1 in Stealth
   335 | D:1      | Found a faded altar of an unknown god.
   711 | D:1      | Reached XP level 3. HP: 26/27 MP: 6/6
   861 | D:2      | Reached skill level 3 in Short Blades
  1111 | D:2      | Identified the +7 plate armour of a Labyrinth {Str+2}
  1523 | D:3      | Gained mutation: You have a small tail. [demonic ancestry]
  1523 | D:3      | Reached XP level 4. HP: 33/33 MP: 7/7
  1635 | D:3      | Noticed Robin
  1651 | D:3      | Killed Robin
  1736 | D:3      | Noticed a bullfrog
  1744 | D:3      | Killed a bullfrog
  1745 | D:3      | Reached skill level 4 in Short Blades
  1745 | D:3      | Reached XP level 5. HP: 12/38 MP: 8/8
  1876 | D:3      | Noticed Natasha
  1882 | D:3      | Killed Natasha
  2147 | D:3      | Noticed Natasha
  2151 | D:3      | Killed Natasha
  2481 | D:3      | Noticed Natasha
  2497 | D:3      | Killed Natasha
  2498 | D:3      | Gained mutation: You have a pair of small horns on your
                  | head. [demonic ancestry]
  2498 | D:3      | Reached XP level 6. HP: 26/44 MP: 9/9
  2673 | D:4      | Reached skill level 5 in Short Blades
  2677 | D:4      | HP: 1/44 [gnoll/+0 whip[a gnoll bouda] (5)]
  2681 | D:4      | Gained mutation: Your spells are a little easier to cast,
                  | but a little less powerful. [potion of mutation]
  2681 | D:4      | Gained mutation: You are clumsy. (Dex -2) [potion of
                  | mutation]
  2681 | D:4      | Lost mutation: You are clumsy. (Dex -2) [potion of
                  | mutation]
  2681 | D:4      | Gained mutation: You are partially covered in iridescent
                  | scales. (AC +2) [potion of mutation]
  2681 | D:4      | Mangled by a gnoll

Illustrated notes

Levels and vault maps discovered:
D:1:      minmay_arrival_plants_in_alcoves, layout_basic,
          shapermc_ecumenical_altar_flowoftime
D:2:      layout_basic, serial_forest, infiniplex_forest_clump_tiny,
          infiniplex_forest_clump_diagonal, infiniplex_forest_straight_3,
          infiniplex_forest_3_way, infiniplex_forest_clump_double
D:3:      layout_basic, tso_altar, roderic_lattice_a, grunt_ministairs_10,
          uniq_natasha, uniq_robin
D:4:      layout_basic

Skill      XL: |  1  2  3  4  5  6 |
---------------+-------------------+-----
Short Blades   | 2 3 4 5 |  5.0
Stealth        | 1 2 3 |  3.3
Fighting       | |  2.0
Throwing       | |  0.8
Armour         | |  0.8
Dodging        | |  1.7
Spellcasting   | |  2.0
Translocations | |  2.6

Action                     |  1- 3 |  4- 6 || total
---------------------------+-------+-------++-------
  Melee: Short sword       |   156 |    81 ||   237
         Touch             |    18 |    22 ||    40
         Punch             |     1 |     3 ||     4
         Tailslap          |       |    11 ||    11
         Headbutt          |       |     5 ||     5
    Use: Potion            |       |     2 ||     2
   Stab: Sleeping          |     2 |     2 ||     4
 Armour: Leather armour    |    54 |    18 ||    72
  Dodge: Dodged            |    91 |    30 ||   121

Table legend: (Time is in decaauts)
 A = Elapsed time spent in this place.
 B = Non-inter-level travel time spent in this place.
 C = Inter-level travel time spent in this place.
 D = Time resting spent in this place.
 E = Time spent auto-exploring this place.
 F = Levels seen in this place.
 G = Mean time per level.
                   A        B        C        D        E       F      G
               +--------+--------+--------+--------+--------+-----+--------+
         Total |   2641 |   2508 |    133 |    283 |   1719 |   4 |  660.2 |
       Dungeon |   2641 |   2508 |    133 |    283 |   1719 |   4 |  660.2 |
               +--------+--------+--------+--------+--------+-----+--------+

Top non-repeatable levels by time:
     D:3: 1110 daAuts
     D:1: 821 daAuts
     D:2: 652 daAuts
     D:4: 57 daAuts
